 Dungeon Crawl Stone Soup version 0.21.1-1-g345015f (webtiles) character file.

79613 Monsterracer the Fighter (level 16, -12/120 HPs)
             Began as a Human Fighter on Feb 14, 2018.
             Was the Champion of Hepliaklqana.
             Collided with a tree (24 damage)
             ... caused by Bai Suzhen
             ... on level 3 of the Swamp.
             The game lasted 00:35:10 (28721 turns).

Monsterracer the Fighter (Human Fighter)           Turns: 28721, Time: 00:35:11

Health: -12/120    AC: 28    Str: 21    XL:     16   Next: 12%
Magic:  23/23      EV:  8    Int: 10    God:    Hepliaklqana [******]
Gold:   614        SH: 18    Dex: 14    Spells: 8/15 levels left

rFire    + + .     SeeInvis .   b - +9 spear of Terror {freeze, rF+ rN+}
rCold    + + .     Gourm    .   s - +0 large shield
rNeg     + . .     Faith    +   H - +2 chain mail {rC+}
rPois    +         Spirit   .   q - +2 helmet
rElec    +         Reflect  .   e - +2 cloak
rCorr    +         Harm     .   F - +2 pair of gloves
MR       +....                  z - +2 pair of boots
Stlth    ..........             y - amulet of faith
HPRegen  0.30/turn              E - ring of poison resistance {!d}
MPRegen  0.18/turn              T - +2 ring of evasion

@: resistant, very slow
A: reduced essence
a: Recall Ancestor, Ancestor Identity, Transference, Idealise, Renounce Religion


You were on level 3 of the Swamp.
You worshipped Hepliaklqana.
Hepliaklqana was exalted by your worship.
You were not hungry.

You visited 5 branches of the dungeon, and saw 23 of its levels.

You collected 2077 gold pieces.
You spent 1463 gold pieces at shops.

Inventory:

Hand Weapons
 b - the +9 spear of Terror (weapon) {freeze, rF+ rN+}
   (You found it on level 7 of the Dungeon)

   It has been specially enchanted to freeze those struck by it, causing extra
   injury to most foes and up to half again as much damage against particularly
   susceptible opponents.
   It can also slow down cold-blooded creatures.
   It protects you from fire.
   It protects you from negative energy.
Missiles
 t - 4 throwing nets (quivered)
Armour
 e - a +2 cloak (worn)
 q - a +2 helmet (worn)
 s - a +0 large shield (worn)
 z - a +2 pair of boots (worn)
 F - a +2 pair of gloves (worn)
 H - a +2 chain mail of cold resistance (worn)
Jewellery
 y - an amulet of faith (around neck)
 D - an uncursed ring of protection from fire {!d}
 E - a ring of poison resistance (left hand) {!d}
 S - an uncursed ring of see invisible
 T - a +2 ring of evasion (right hand)
 U - an uncursed ring of protection from magic {!d}
 V - the ring "Kujel" {Ice Int+3}
   (You found it on level 6 of the Lair of Beasts)

   [ring of ice]

   It enhances your ice magic.
   It affects your intelligence (+3).
   It makes you vulnerable to fire.
   It protects you from cold.
Wands
 g - a wand of iceblast (27)
 i - a wand of acid (18)
 v - a wand of digging (24)
 A - a wand of disintegration (6)
 B - a wand of flame (15)
 K - a wand of paralysis (9)
 N - a wand of enslavement (31)
Scrolls
 a - 3 scrolls of fear {!r}
 d - 2 scrolls of brand weapon
 o - 15 scrolls of remove curse
 p - 10 scrolls of teleportation
 C - 2 scrolls of magic mapping {!r}
 G - 7 scrolls of amnesia
 I - 7 scrolls of identify
 J - 4 scrolls of blinking
 R - 2 scrolls of fog
 W - a scroll of enchant armour
Potions
 f - 3 potions of might
 h - 5 potions of heal wounds
 j - 4 potions of mutation {!q}
 k - a potion of haste
 l - 2 potions of resistance
 m - 5 potions of flight
 n - 15 potions of curing
 r - 6 potions of brilliance
 u - 3 potions of cancellation
 w - a potion of ambrosia {!q}
 x - 5 potions of agility
 L - 5 potions of lignification
 Q - 2 potions of magic
Books
 M - a book of Ice

   Spells                             Type                      Level
   a - Ice Form                       Ice/Transmutation            4
   b - Metabolic Englaciation         Hexes/Ice                    5
   c - Ozocubu's Refrigeration        Ice                          6
   d - Bolt of Cold                   Conjuration/Ice              6
   e - Freezing Cloud                 Conjuration/Ice/Air          6
   f - Simulacrum                     Ice/Necromancy               6
Miscellaneous
 P - a phial of floods
Comestibles
 c - 26 rations
 O - 4 chunks of flesh


   Skills:
 * Level 14.9 Fighting
 - Level 12.0 Polearms
 + Level 12.4 Armour
 + Level 12.3 Shields
 - Level 10.0 Invocations
 + Level 4.3 Evocations


You had 8 spell levels left.
You knew the following spells:

 Your Spells              Type           Power        Failure   Level  Hunger
a - Statue Form           Tmut/Erth      #........    100%        6    #######
v - Summon Butterflies    Summ           #.......     100%        1    ##.....


Dungeon Overview and Level Annotations

Branches:
Dungeon (11/15)            Temple (1/1) D:5            Lair (6/6) D:10
  Swamp (3/4) Lair:2       Spider (0/4) Lair:3        Slime (0/5) Lair:5
    Orc (2/2) D:10            Elf (0/3) Orc:2

Altars:
Ashenzari
Cheibriados
Dithmenos
Elyvilon
Fedhas
Gozag
Hepliaklqana
Kikubaaqudgha
Makhleb
Nemelex Xobeh
Okawaru
Qazlal
Ru
Sif Muna
Trog
Uskayaw
Vehumet
Wu Jian
Xom
Yredelemnul
Zin
The Shining One
Beogh
Jiyva

Shops:
D:7 %   D:9 ::[[   D:10 %*   Orc:1 *   Orc:2 =(?%

Annotations:
D:8 2 runed doors
Swamp:3 Bai Suzhen


Message History

You take 7 damage, and have 102/120 hp.
You barely miss Bai Suzhen.
Bai Suzhen is moderately wounded.
You puncture Bai Suzhen! You freeze Bai Suzhen.
Bai Suzhen is heavily wounded.
You closely miss Bai Suzhen.
Bai Suzhen is heavily wounded.
Bai Suzhen hits you with a quarterstaff.
Bai Suzhen tail-slaps you but does no damage.
You take 4 damage, and have 99/120 hp.
You puncture Bai Suzhen!
Bai Suzhen roars in fury and transforms into a fierce dragon!
A violent storm begins to rage around Bai Suzhen.
Bai Suzhen is heavily wounded.
You are standing in a thunderstorm.
You puncture Bai Suzhen!
Bai Suzhen is heavily wounded.
You are standing in a thunderstorm.
You are struck by lightning!
You block Bai Suzhen's attack. x2; Bai Suzhen tramples you.
You hold your ground!
You take 6 damage, and have 93/120 hp.
You puncture Bai Suzhen! You freeze Bai Suzhen.
Bai Suzhen is severely wounded.
You are standing in a thunderstorm.
The six-headed hydra disappears in a puff of smoke!
You hit Bai Suzhen but do no damage.
Bai Suzhen is severely wounded.
You are standing in a thunderstorm.
Bai Suzhen breathes water at you. You block the torrent of water.
The wave splashes down.
Splash!
You fall into the shallow water.
Moving in this stuff is going to be slow.
You hit Bai Suzhen but do no damage.
Bai Suzhen is severely wounded.
You are standing in a thunderstorm.
You are struck by lightning!
You take 13 damage, and have 81/120 hp.
You are too injured to fight recklessly!
You are too injured to fight recklessly!
You are too injured to fight recklessly!
You are too injured to fight recklessly!
You feel protected.
You are standing in a thunderstorm.
You are struck by lightning!
You resist. You block Bai Suzhen's attack.
Bai Suzhen claws you but does no damage.
Bai Suzhen tramples you but does no damage.
You take 7 damage, and have 74/120 hp.
You hit Bai Suzhen but do no damage.
Bai Suzhen is severely wounded.
You are standing in a thunderstorm.
You block Bai Suzhen's attack. x3
Your unstable footing causes you to fumble your attack.
Bai Suzhen bites you but does no damage.
You block Bai Suzhen's attack.
Bai Suzhen tramples you but does no damage.
Your unstable footing causes you to fumble your attack.
You are standing in a thunderstorm.
You are struck by lightning!
You resist.
You take 3 damage, and have 71/120 hp.
You hit Bai Suzhen but do no damage.
Bai Suzhen is severely wounded.
You are standing in a thunderstorm.
Bai Suzhen breathes water at you. The torrent of water misses you.
The wave splashes down.
Your unstable footing causes you to fumble your attack.
You are standing in a thunderstorm.
Your unstable footing causes you to fumble your attack.
You are standing in a thunderstorm.
Bai Suzhen bites you!
* * * LOW HITPOINT WARNING * * *
You block Bai Suzhen's attack. Bai Suzhen barely misses you.
You take 13 damage, and have 58/120 hp.
Your unstable footing causes you to fumble your attack.
You are standing in a thunderstorm.
The five-headed hydra disappears in a puff of smoke!
You hit Bai Suzhen but do no damage.
Bai Suzhen is severely wounded.
Bai Suzhen bites you but does no damage.
Bai Suzhen claws you but does no damage.
You block Bai Suzhen's attack.
Your unstable footing causes you to fumble your attack.
You are standing in a thunderstorm.
Bai Suzhen breathes water at you. You block the torrent of water.
The wave splashes down.
Your unstable footing causes you to fumble your attack.
You are standing in a thunderstorm.
You hit Bai Suzhen. You freeze Bai Suzhen.
Bai Suzhen is severely wounded.
You are standing in a thunderstorm.
Bai Suzhen bites you.
* * * LOW HITPOINT WARNING * * *
Bai Suzhen misses you. You block Bai Suzhen's attack.
You take 6 damage, and have 53/120 hp.
You hit Bai Suzhen but do no damage.
Bai Suzhen is severely wounded.
You are standing in a thunderstorm.
You puncture Bai Suzhen!
Bai Suzhen is severely wounded.
Bai Suzhen breathes water at you. The torrent of water hits you!
* * * LOW HITPOINT WARNING * * *
You are knocked back by the torrent of water.
You slam into the tree!
You die...

♣DD..≈..≈≈ . ≈♣
≈<.....♣≈≈ ♣.♣..
♣♣♣♣ .♣♣♣♣♣♣♣..
..♣♣♣♣♣.≈♣ ..≈♣♣
♣♣≈≈.♣..♣♣♣ §).≈♣
♣..♣♣≈♣.♣♣ ♣...♣♣
♣≈.♣♣♣...♣♣
♣.§..♣♣
♣.♣.♣♣.♣♣≈♣♣♣
♣....≈♣♣
♣.♣D♣♣.♣♣♣♣♣.
....♣♣.♣[
♣♣.♣♣@R♣♣♣.♣.
......♣.♣.♣♣.♣
♣≈♣..♣♣.♣
≈≈≈...♣.♣ ...♣
♣♣.♣♣.♣R♣ ≈≈≈≈♣≈≈♣
.♣..♣♣≈♣♣.♣.♣.♣
≈≈≈≈..≈♣♣♣♣.
♣.♣.♣≈♣♣.♣♣.♣
≈≈§.§≈.≈♣♣ ♣
♣.♣..♣.♣.♣♣♣
..≈♣♣..≈≈♣.
♣♣.♣♣.≈♣♣♣♣ .♣♣♣
♣♣♣♣.♣.♣♣.♣♣♣♣♣≈.♣
≈≈♣♣♣
≈♣♣.≈♣♣≈♣≈.♣♣≈♣


You could see the friendly Cuahtemoc the knight and Bai Suzhen.

Vanquished Creatures
  A thorn hunter (Swamp:2)
  Erolcha (D:11)
  Harold (D:10)
  2 ghost crabs
  9 hydras
  The ghost of batai666 the Geomancer, a journeyman GrEE of Vehumet (D:10)
  2 two-headed ogres
  A catoblepas (Lair:6)
  2 death yaks (Lair:6)
  A deep troll shaman (Lair:6)
  An alligator (Swamp:2)
  4 orc high priests (Orc:2)
  Nergalle (D:11)
  A swamp dragon (Swamp:1)
  A shambling mangrove (Swamp:2)
  The ghost of zhorgal the Digger, a novice GrEE (D:7)
  2 orc knights (Orc:1)
  2 cyclopes
  3 orc sorcerers
  8 elephants
  A black mamba (Lair:3)
  4 komodo dragons
  Joseph (Lair:1)
  12 spiny frogs
  3 rime drakes
  3 trolls (Orc:1)
  5 tyrant leeches
  Grinder (D:6)
  2 polar bears
  A hornet (Swamp:2)
  3 bog bodies
  14 blink frogs
  4 slime creatures (Swamp:3)
  The ghost of Mgcat the Skirmisher, an amateur GrGl (D:4)
  4 hippogriffs
  A spriggan (D:7)
  3 shadows
  4 wyverns
  A hungry ghost (D:7)
  3 basilisks
  13 yaks
  2 hogs (Swamp:2)
  A steam dragon (D:10)
  8 vampire mosquitoes
  5 wargs
  6 swamp worms
  3 insubstantial wisps (Swamp:3)
  10 water moccasins
  Duvessa (D:7)
  4 porcupines
  2 swamp drakes
  2 ice beasts
  3 sky beasts
  10 ogres
  2 phantoms
  3 black bears
  16 orc warriors
  A necrophage (D:11)
  5 centaurs
  9 wolves
  6 crocodiles
  2 big kobolds
  The ghost of SaintRoka the Sneak, an amateur VSEn (D:3)
  11 bullfrogs
  Dowan (D:7)
  5 scorpions
  9 killer bees
  3 wights (D:7)
  5 electric eels
  8 howler monkeys
  2 bullfrog zombies
  4 centaur zombies
  4 crimson imps
  A quasit (D:6)
  2 bullfrog skeletons
  6 jellies
  3 hounds
  27 orc priests
  24 orc wizards
  A centaur skeleton (D:8)
  4 iguanas
  11 worker ants
  A hound zombie (D:5)
  10 adders
  3 shadow imps
  4 oozes
  An adder skeleton (D:5)
  4 worms
  3 dart slugs
  4 leopard geckos
  65 orcs
  A ball python (D:2)
  2 bats
  4 giant cockroaches
  8 goblins
  4 hobgoblins
  21 kobolds
  8 quokkas
  6 frilled lizards
  6 rats
  A briar patch (Swamp:3)
518 creatures vanquished.

Vanquished Creatures (collateral kills)
  Kirke (Swamp:2)
  A thorn hunter (Swamp:3)
  Fannar (D:11)
  4 hydras
  4 alligators
  A death yak (Lair:6)
  An orc high priest (Orc:2)
  Sonja (D:11)
  A swamp dragon (Swamp:3)
  An orc sorcerer (Orc:2)
  5 elephants
  A centaur zombie (D:11)
  A spiny frog (Lair:1)
  2 komodo dragons
  A polar bear (Lair:6)
  2 hornets
  2 tyrant leeches
  3 bog bodies
  6 blink frogs
  4 slime creatures (Swamp:3)
  2 hippogriffs
  A shadow (Swamp:1)
  3 yaks
  A basilisk (Lair:6)
  3 vampire mosquitoes (Swamp:1)
  3 insubstantial wisps (Swamp:3)
  6 swamp worms
  A water moccasin (Lair:6)
  A swamp drake (Swamp:1)
  10 orc warriors
  A necrophage (D:11)
  A centaur (D:11)
  2 wolves
  2 killer bees (D:10)
  A howler monkey (D:9)
  3 electric eels (D:9)
  3 orc priests
  A jelly (Lair:5)
  7 orc wizards
  A hound zombie (D:11)
  An adder (D:11)
  An ooze (Lair:5)
  11 orcs
  3 kobolds (D:11)
  A briar patch (Swamp:3)
113 creatures vanquished.

Vanquished Creatures (others)
  A hornet (Swamp:2)
  A spriggan (Swamp:2)
  A human (Swamp:2)
  10 knights
  3 orc wizards
  5 ancestors
  5 orcs
  2 briar patches (Swamp:2)
  10 fungi
  A plant (Lair:6)
39 creatures vanquished.

Grand Total: 670 creatures vanquished

Notes
Turn   | Place    | Note
-------+----------+-------------------------------------------
     0 | D:1      | Monsterracer the Human Fighter began the quest for the Orb.
     0 | D:1      | Reached XP level 1. HP: 18/18 MP: 1/1
    64 | D:1      | Reached XP level 2. HP: 24/24 MP: 2/2
   367 | D:1      | Reached XP level 3. HP: 27/29 MP: 3/3
  1075 | D:2      | Reached XP level 4. HP: 35/35 MP: 4/4
  1811 | D:3      | Found a radiant altar of Vehumet.
  1847 | D:3      | Noticed SaintRoka's ghost (amateur VSEn)
  1893 | D:3      | Killed SaintRoka's ghost
  1893 | D:3      | Reached XP level 5. HP: 38/41 MP: 5/5
  1963 | D:3      | Found a glowing silver altar of Zin.
  2089 | D:3      | Noticed an ogre
  2093 | D:3      | HP: 15/41 [ogre/giant spiked club (20)]
  2097 | D:3      | Killed an ogre
  2097 | D:3      | Reached skill level 5 in Polearms
  2097 | D:3      | Reached XP level 6. HP: 18/47 MP: 6/6
  2443 | D:3      | Found a shattered altar of Ashenzari.
  2698 | D:4      | Noticed an ogre
  2706 | D:4      | Killed an ogre
  2765 | D:4      | Noticed Mgcat's ghost (amateur GrGl)
  2777 | D:5      | Entered Level 5 of the Dungeon
  2786 | D:4      | HP: 19/48 [Mgcat's ghost (10)]
  3119 | D:4      | Killed Mgcat's ghost
  3119 | D:4      | Reached skill level 4 in Fighting
  3119 | D:4      | Reached XP level 7. HP: 45/54 MP: 7/7
  3220 | D:4      | HP: 27/54 [ogre/giant club (27)]
  3222 | D:4      | HP: 11/54 [ogre/giant club (16)]
  4254 | D:4      | Reached XP level 8. HP: 52/61 MP: 8/8
  4499 | D:5      | Found a staircase to the Ecumenical Temple.
  4558 | Temple   | Entered the Ecumenical Temple
  4826 | Temple   | Became a worshipper of Ru the Awakened
  5002 | D:5      | HP: 30/61 [scorpion (3)]
  5007 | D:5      | HP: 21/61 [poisoned by a scorpion]
  5012 | D:5      | HP: 17/61 [poisoned by a scorpion]
  5017 | D:5      | HP: 14/61 [poisoned by a scorpion]
  5023 | D:5      | HP: 13/61 [poisoned by a scorpion]
  5029 | D:5      | HP: 12/61 [poisoned by a scorpion]
  5037 | D:5      | HP: 11/61 [poisoned by a scorpion]
  5474 | D:5      | Reached skill level 5 in Armour
  5474 | D:5      | Reached skill level 5 in Shields
  5763 | D:6      | Reached skill level 5 in Fighting
  5917 | D:6      | Noticed Grinder
  5950 | D:6      | Killed Grinder
  5950 | D:6      | Reached XP level 9. HP: 55/68 MP: 9/9
  6517 | D:7      | Noticed a hippogriff
  6529 | D:7      | Killed a hippogriff
  6536 | D:7      | Fell from the grace of Ru
  6635 | D:7      | Got a brightly glowing spear
  6742 | D:7      | Identified the +9 spear of Terror {freeze, rF+ rN+} (You found it on level 7 of the Dungeon)
  6751 | D:7      | Found Hawouw's Food Boutique.
  6833 | D:7      | HP: 34/69 [centaur (7)]
  6836 | D:7      | Reached skill level 6 in Fighting
  7161 | D:7      | Reached XP level 10. HP: 77/77 MP: 10/10
  7592 | D:7      | Noticed Dowan
  7593 | D:7      | Noticed Duvessa
  7601 | D:7      | Killed Duvessa
  7603 | D:7      | Killed Dowan
  7635 | D:7      | Noticed zhorgal's ghost (novice GrEE)
  7669 | D:7      | Killed zhorgal's ghost
  7669 | D:7      | Reached skill level 7 in Fighting
  8106 | D:8      | Reached skill level 10 in Polearms
  8164 | D:8      | Noticed a two-headed ogre
  8168 | D:8      | HP: 35/79 [two-headed ogre/giant spiked club (25)]
  8557 | D:8      | Found a white marble altar of Elyvilon.
  8562 | D:8      | Found a shimmering altar of Xom.
  8671 | D:8      | Killed a two-headed ogre
  8671 | D:8      | Reached XP level 11. HP: 83/84 MP: 11/11
  8838 | D:8      | Found a sparkling altar of Nemelex Xobeh.
  8863 | D:8      | Found a runed door.
  8965 | D:8      | Found a runed door.
  8980 | D:8      | Found a hazy altar of Hepliaklqana.
  9220 | D:8      | Became a worshipper of Hepliaklqana the Forgotten
  9394 | D:9      | HP: 35/76 [electric eel/bolt of electricity (7)]
  9417 | D:9      | HP: 26/76 [electric eel/bolt of electricity (12)]
  9464 | D:9      | HP: 27/76 [electric eel/bolt of electricity (9)]
  9470 | D:9      | HP: 10/76 [electric eel/bolt of electricity (9)]
  9825 | D:9      | Found Busa's Book Shoppe.
  9838 | D:9      | Found Vukimpof's Book Shop.
  9875 | D:9      | HP: 36/76 [electric eel/bolt of electricity (7)]
  9968 | D:9      | Reached skill level 1 in Invocations
 10508 | D:9      | Found Giseilyxi's Armour Shoppe.
 10635 | D:9      | Bought a +2 chain mail of cold resistance for 279 gold pieces
 10673 | D:9      | Found Obiehebe's Armour Emporium.
 10706 | D:9      | Reached * piety under Hepliaklqana
 10843 | D:10     | Entered Level 10 of the Dungeon
 10851 | D:10     | Noticed batai666's ghost (journeyman GrEE)
 10866 | D:10     | HP: 9/77 [batai666's ghost/stone arrow (31)]
 11485 | D:10     | HP: 36/77 [batai666's ghost/stone arrow (21)]
 11852 | D:10     | Reached skill level 8 in Fighting
 11962 | D:10     | Found a roughly hewn altar of Beogh.
 11963 | D:10     | Found a staircase to the Orcish Mines.
 12243 | D:11     | Noticed a cyclops
 12262 | D:11     | Noticed Fannar
 12264 | D:11     | Noticed Sonja
 12269 | D:11     | Noticed Erolcha
 12276 | D:11     | HP: 33/77 [Erolcha/giant club (12)]
 12279 | D:11     | HP: 7/77 [Erolcha/giant club (17)]
 12281 | D:11     | HP: 2/77 [Erolcha/giant club (5)]
 12284 | D:11     | Killed Erolcha
 12325 | D:11     | HP: 31/77 [Fannar/Ozocubu's Refrigeration (10)]
 12329 | D:11     | Killed Fannar
 12400 | D:11     | HP: 28/77 [cyclops/large rock (12)]
 12402 | D:11     | HP: 7/77 [cyclops (21)]
 12403 | D:11     | Killed a cyclops
 12585 | D:11     | Killed Sonja
 12587 | D:11     | HP: 39/78 [poisoned by Sonja]
 12592 | D:11     | HP: 34/78 [poisoned by Sonja]
 12598 | D:11     | HP: 32/78 [poisoned by Sonja]
 12604 | D:11     | HP: 30/78 [poisoned by Sonja]
 12609 | D:11     | HP: 29/78 [poisoned by Sonja]
 12617 | D:11     | HP: 29/78 [poisoned by Sonja]
 12972 | D:11     | Noticed Nergalle
 12995 | D:11     | Killed Nergalle
 12995 | D:11     | Reached XP level 12. HP: 83/84 MP: 14/14
 13257 | D:10     | HP: 27/84 [batai666's ghost/stone arrow (28)]
 13579 | D:10     | Killed batai666's ghost
 13825 | D:10     | Found a burning altar of Makhleb.
 14051 | D:10     | Found Caavu's Changing Room.
 14110 | D:10     | Reached skill level 9 in Fighting
 14255 | D:10     | Found a staircase to the Lair.
 14283 | D:10     | Reached ** piety under Hepliaklqana
 14284 | D:10     | Remembered your ancestor Cuahtemoc as a knight
 14289 | D:10     | Found Usaec's Food Shop.
 14301 | D:10     | Noticed Harold
 14316 | D:10     | Killed Harold
 14328 | D:10     | Noticed a two-headed ogre
 14346 | D:10     | Killed a two-headed ogre
 14349 | D:10     | Reached skill level 5 in Invocations
 15114 | D:11     | Learned a level 6 spell: Statue Form
 15245 | Lair:1   | Entered Level 1 of the Lair of Beasts
 15273 | Lair:1   | Noticed Joseph
 15281 | Lair:1   | Killed Joseph
 15286 | Lair:1   | Reached skill level 10 in Fighting
 15535 | Lair:1   | Reached XP level 13. HP: 92/92 MP: 17/17
 15539 | Lair:1   | Reached *** piety under Hepliaklqana
 16457 | Lair:2   | Reached **** piety under Hepliaklqana
 16463 | Lair:2   | Got an ichor-stained ring mail
 16474 | Lair:2   | Identified the cursed +1 ring mail of Vehumet's Delight {rC+} (You found it on level 2 of the Lair of Beasts)
 16581 | Lair:2   | Found a staircase to the Swamp.
 16676 | Lair:2   | Learned a level 1 spell: Summon Butterflies
 17109 | Lair:3   | Noticed a four-headed hydra
 17118 | Lair:3   | Killed a four-headed hydra
 17175 | Lair:3   | Reached skill level 11 in Fighting
 17179 | Lair:3   | Reached skill level 10 in Shields
 17186 | Lair:3   | Reached skill level 10 in Armour
 17308 | Lair:3   | Found a hole to the Spider Nest.
 17557 | Lair:3   | Reached ***** piety under Hepliaklqana
 18137 | Lair:3   | HP: 43/95 [black mamba (12)]
 18145 | Lair:3   | HP: 37/95 [yak (6)]
 18152 | Lair:3   | HP: 26/95 [yak (12)]
 18623 | Lair:4   | Noticed an eight-headed hydra
 18629 | Lair:4   | Killed an eight-headed hydra
 19358 | Lair:5   | Noticed a four-headed hydra
 19364 | Lair:5   | Killed a four-headed hydra
 19421 | Lair:5   | Reached skill level 12 in Fighting
 19421 | Lair:5   | Reached XP level 14. HP: 103/103 MP: 19/19
 19730 | Lair:5   | Found a viscous altar of Jiyva.
 19750 | Lair:5   | Found a runed door.
 20050 | Lair:5   | Found a staircase to the Slime Pits.
 20153 | Lair:6   | Entered Level 6 of the Lair of Beasts
 20605 | Lair:6   | Reached ****** piety under Hepliaklqana
 21161 | Lair:6   | Got a scintillating marble ring
 21162 | Lair:6   | Identified the ring "Kujel" {Ice Int+3} (You found it on level 6 of the Lair of Beasts)
 21260 | Lair:6   | Reached skill level 13 in Fighting
 21714 | Orc:1    | Entered Level 1 of the Orcish Mines
 21944 | Orc:2    | Entered Level 2 of the Orcish Mines
 22290 | Orc:2    | Found a roughly hewn altar of Beogh.
 22398 | Orc:2    | Found a staircase to the Elven Halls.
 22784 | Orc:1    | Found Daav's Assorted Antiques.
 22806 | Orc:1    | Bought a scroll of blinking for 225 gold pieces
 23498 | Orc:2    | Paralysed by an orc sorcerer for 2 turns
 23504 | Orc:2    | Reached XP level 15. HP: 70/111 MP: 22/22
 23511 | Orc:2    | Found Baheakk's Weapon Shoppe.
 23511 | Orc:2    | Found Fiapn's Food Emporium.
 23517 | Orc:2    | Found Weunla's Magic Scroll Emporium.
 23562 | Orc:2    | Found Kehim's Jewellery Shoppe.
 23563 | Orc:2    | HP: 55/111 [orc high priest/divine providence (11)]
 23775 | Orc:2    | Bought a scroll of brand weapon for 280 gold pieces
 23775 | Orc:2    | Bought a scroll of blinking for 105 gold pieces
 23778 | Orc:2    | Bought a scroll of teleportation for 42 gold pieces
 23778 | Orc:2    | Bought a scroll of teleportation for 42 gold pieces
 23788 | Orc:2    | Bought an uncursed ring of protection from fire for 350 gold pieces
 23788 | Orc:2    | Bought a +2 ring of evasion for 140 gold pieces
 24545 | Swamp:1  | Entered Level 1 of the Swamp
 24880 | Swamp:1  | Reached skill level 1 in Evocations
 25228 | Swamp:1  | Reached skill level 10 in Invocations
 25290 | Swamp:1  | Reached skill level 14 in Fighting
 25837 | Swamp:2  | Noticed Kirke
 25841 | Swamp:2  | Noticed a sphinx
 25841 | Swamp:2  | Noticed a thorn hunter
 26132 | Swamp:2  | HP: 52/113 [thorn hunter/volley of thorns (13)]
 26135 | Swamp:2  | Killed a thorn hunter
 26538 | Swamp:2  | HP: 80/171 [ghost crab (13)]
 26956 | Swamp:2  | Noticed a sphinx
 26984 | Swamp:2  | Noticed a sphinx
 27036 | Swamp:2  | Noticed a sphinx
 27043 | Swamp:2  | Killed Kirke
 27739 | Swamp:3  | Noticed a thorn hunter
 27765 | Swamp:3  | Killed a thorn hunter
 27823 | Swamp:3  | HP: 57/114 [spectral alligator[a ghost crab] (1)]
 27825 | Swamp:3  | Reached XP level 16. HP: 56/120 MP: 23/23
 28333 | Swamp:3  | Got a vibrating garnet amulet
 28358 | Swamp:3  | Identified the amulet of Jameer {Inacc rPois rF- Dex+9 SInv} (You found it on level 3 of the Swamp)
 28380 | Swamp:3  | Noticed Bai Suzhen
 28714 | Swamp:3  | HP: 58/120 [Bai Suzhen (13)]
 28719 | Swamp:3  | HP: 53/120 [Bai Suzhen (6)]
 28721 | Swamp:3  | HP: 12/120 [Bai Suzhen/torrent of water (41)]
 28721 | Swamp:3  | Collided with a tree

Skill      XL: |  1  2  3  4  5  6  7  8  9 10 11 12 13 14 15 |
---------------+----------------------------------------------+-----
Polearms       | 3 4 5 6 7 9 10 11 12 | 12.0
Fighting       | 4 5 6 7 8 10 12 13 14 | 14.9
Armour         | 4 5 6 7 8 9 10 11 12 | 12.4
Shields        | 4 5 6 7 8 9 10 11 12 | 12.3
Invocations    | 3 5 7 9 10 | 10.0
Evocations     | 4 |  4.3

Action                   |  1- 3 |  4- 6 |  7- 9 | 10-12 | 13-15 | 16-18 || total
-------------------------+-------+-------+-------+-------+-------+-------++-------
Melee: Trident           |   104 |   160 |   307 |       |       |       ||   571
       Spear             |       |       |    62 |   907 |  1415 |   106 ||  2490
       Unarmed           |       |       |       |       |     2 |       ||     2
Invok: Renounce Religion |       |       |     1 |       |       |       ||     1
       Recall Ancestor   |       |       |       |     2 |     1 |       ||     3
       Ancestor Life: Kn |       |       |       |     1 |       |       ||     1
       Idealise          |       |       |       |       |       |     1 ||     1
       Transference      |       |       |       |       |       |     1 ||     1
Evoke: Wand              |       |     1 |       |       |       |       ||     1
  Use: Scroll            |       |    17 |     7 |     7 |     8 |     1 ||    40
       Potion            |       |     1 |       |     3 |     1 |     1 ||     6
 Stab: Distracted        |       |       |       |     6 |     6 |     1 ||    13
  Eat: Chunk             |     1 |     5 |     8 |    28 |    30 |     3 ||    75
       Ration            |       |       |     2 |       |     3 |       ||     5
Armor: Scale mail        |    30 |    52 |    87 |       |       |       ||   169
       Chain mail        |       |       |    58 |   198 |   360 |    40 ||   656
Dodge: Dodged            |    18 |    24 |    39 |    51 |   111 |    11 ||   254
Block: Shield            |    37 |    45 |       |       |       |       ||    82
       Large shield      |       |    17 |   238 |   370 |   680 |    55 ||  1360

Vault maps used:
D:1:      ncdulo_halloftheorcs, minmay_split_cup_small
D:2:      grunt_decor_fettered, kennysheep_generic_room_9
D:3:      cheibrodos_old_hovel, old_standard_altar, fiery_altar_vehumet,
          ashenzari_altar_1, first_ration
D:5:      kennysheep_six_static_rooms, temple_doors_cd
D:6:      uniq_grinder
D:7:      cheibrodos_barr_body, serial_shops, nicolae_shop_trees, the_bakery,
          uniq_duvessa
D:8:      cheibrodos_histonic, kennysheep_mini, nicolae_overflow_hidden_temple
D:9:      serial_shops, nicolae_shop_statue_plus, shop, nicolae_shop_crystal,
          shop, serial_bayou, serial_bayou_shore_a, serial_bayou_lagoon_a,
          serial_bayou_lake_a, serial_bayou_pond_e
D:10:     david_lair_generic, david_orc_5, basic_altar, serial_shops,
          nicolae_shop_behind_doors, nicolae_transmutations_shop, uniq_harold
D:11:     nicolae_sextant, kennysheep_small_circle, uniq_fannar, uniq_erolcha,
          uniq_nergalle, uniq_sonja
Temple:   regret_index_temple_generic_petals
Lair:1:   serial_bayou_shore_b, uniq_joseph
Lair:2:   nicolae_swamp_entry_splash_gauntlet, beast_lair_carwin_10
Lair:3:   dummy_spider_entry, lemuel_fruit_tree
Lair:5:   slime_altar_2
Lair:6:   grunt_lair_end_beastmaster
Swamp:1:  evilmike_swamp_ruin_house_1, infiniplex_staircase_pool
Swamp:2:  nicolae_swamp_feature_on_the_river_bank, uniq_kirke
Swamp:3:  nicolae_swamp_very_dense_foliage, uniq_bai_suzhen
Orc:1:    serial_shops, shop
Orc:2:    st_orc_mages, bh_open_orc_temple
